 Dungeon Crawl Stone Soup version 0.21.1-1-g345015fe64 (webtiles) character file.

108 BrokenGlass the Insei (level 4, -4/29 HPs)
             Began as an Octopode Transmuter on Feb 6, 2018.
             Slain by Faustar's ghost (11 damage)
             ... on level 3 of the Dungeon.
             The game lasted 00:02:01 (1610 turns).

BrokenGlass the Insei (Octopode Transmuter)         Turns: 1610, Time: 00:02:02

Health: -4/29      AC:  1    Str: 10    XL:     4   Next: 87%
Magic:  7/7        EV: 13    Int: 15    God:
Gold:   129        SH:  0    Dex: 12    Spells: 6/7 levels left

rFire    . . .     SeeInvis .     - Unarmed
rCold    . . .     Gourm    .   (no shield)
rNeg     . . .     Faith    .   (helmet restricted)
rPois    .         Spirit   .   (no amulet)
rElec    .         Reflect  .   (no ring)
rCorr    .         Harm     .   (no ring)
MR       .....                  (no ring)
Stlth    ++........             (no ring)
HPRegen  0.09/turn              (no ring)
MPRegen  0.10/turn              (no ring)
                                (no ring)
                                (no ring)

@: no status effects
A: almost no armour, stealthy swim, amphibious, 8 rings, constrict 8, camouflage
1, gelatinous body 1
a: no special abilities


You were on level 3 of the Dungeon.
You were not hungry.

You visited 1 branch of the dungeon, and saw 3 of its levels.

You collected 129 gold pieces.

Inventory:

Missiles
 a - 12 arrows
 e - 14 bolts
Scrolls
 d - a scroll of fear {unknown}
 f - 2 scrolls of blinking {unknown}
 g - 2 scrolls of remove curse {unknown}
 i - a scroll of enchant weapon {unknown}
 j - a scroll of noise {unknown}
 k - a scroll of teleportation {unknown}
 l - a scroll of immolation {unknown}
 p - a scroll of identify {unknown}
Potions
 m - a potion of curing {unknown}
Books
 b - a book of Changes

   Spells                             Type                      Level
   a - Beastly Appendage              Transmutation                1
   b - Sticks to Snakes               Transmutation                2
   c - Spider Form                    Transmutation/Poison         3
   d - Ice Form                       Ice/Transmutation            4
   e - Blade Hands                    Transmutation                5
 n - a book of Misfortune

   Spells                             Type                      Level
   a - Confusing Touch                Hexes                        1
   b - Confuse                        Hexes                        3
   c - Gell's Gravitas                Translocation                3
   d - Petrify                        Transmutation/Earth          4
   e - Metabolic Englaciation         Hexes/Ice                    5
   f - Yara's Violent Unravelling     Hexes/Transmutation          5
Comestibles
 c - 7 rations


   Skills:
 * Level 1.9 Fighting
 - Level 2.0 Dodging
 - Level 5.1 Unarmed Combat
 - Level 2.0 Spellcasting
 - Level 2.0 Transmutations


You had 6 spell levels left.
You knew the following spells:

 Your Spells              Type           Power        Failure   Level  Hunger
a - Beastly Appendage     Tmut           #.....       10%         1    #......


Dungeon Overview and Level Annotations

Branches:
Dungeon (3/15)

Altars:
Hepliaklqana

Annotations:
D:3 Faustar's ghost, amateur GrGl


Innate Abilities, Weirdness & Mutations

You cannot wear most types of armour.
You are very stealthy in the water. (Stealth+)
You are amphibious.
You can wear up to eight rings at the same time.
You can use your tentacles to constrict eight enemies at once.
Your skin changes colour to match your surroundings (Stealth+).
Your rubbery body absorbs attacks. (AC +1, EV +1)


Message History

You are too injured to fight recklessly!
Unknown command.
You feel much better. The bat hits you. The bat hits you but does no damage.
Faustar's ghost hits you.
You tentacle-slap Faustar's ghost.
Faustar's ghost is heavily damaged.
The bat barely misses you. The bat closely misses you.
Faustar's ghost hits you!
You closely miss Faustar's ghost. You squeeze Faustar's ghost.
Faustar's ghost is heavily damaged.
The bat hits you but does no damage. x2; The bat completely misses you.
Faustar's ghost whispers, "Meet the emptiness of death!"
Faustar's ghost hits you.
* * * LOW HITPOINT WARNING * * *
You tentacle-slap Faustar's ghost but do no damage.
You squeeze Faustar's ghost!
Faustar's ghost is severely damaged.
The bat hits you but does no damage. The bat barely misses you.
Faustar's ghost hits you!
You die...

##########
#........#
#........#
#..@.....#
#b.W.b...#
#........#
#....$...#
#........#
#........#
...........
##........###
........##


You could see Faustar's ghost and 2 bats.

Vanquished Creatures
  Crazy Yiuf (D:2)
  An adder (D:2)
  2 gnolls (D:1)
  4 dart slugs
  A worm (D:2)
  3 leopard geckos
  2 giant cockroaches
  4 hobgoblins
  3 bats
  8 frilled lizards
  6 goblins (D:1)
  5 kobolds
  4 rats
44 creatures vanquished.

Notes
Turn   | Place    | Note
-------+----------+-------------------------------------------
     0 | D:1      | BrokenGlass the Octopode Transmuter began the quest for the Orb.
     0 | D:1      | Reached XP level 1. HP: 13/13 MP: 3/3
   104 | D:1      | Reached XP level 2. HP: 18/18 MP: 5/5
   249 | D:1      | Reached skill level 4 in Unarmed Combat
   265 | D:1      | Reached XP level 3. HP: 11/23 MP: 6/6
  1108 | D:2      | Reached XP level 4. HP: 28/28 MP: 7/7
  1283 | D:2      | Reached skill level 5 in Unarmed Combat
  1340 | D:2      | Found a hazy altar of Hepliaklqana.
  1396 | D:2      | Found a runed door.
  1543 | D:2      | Noticed Crazy Yiuf
  1550 | D:2      | Killed Crazy Yiuf
  1596 | D:3      | Noticed Faustar's ghost (amateur GrGl)
  1610 | D:3      | Slain by Faustar's ghost

Skill      XL: |  1  2  3  4 |
---------------+-------------+-----
Unarmed Combat | 4 5 |  5.1
Fighting       | |  1.9
Dodging        | |  2.0
Spellcasting   | |  2.0
Transmutations | |  2.0

Action                   |  1- 3 |  4- 6 || total
-------------------------+-------+-------++-------
Melee: Unarmed           |    70 |    39 ||   109
       Constrict         |    18 |     6 ||    24
       Tentacles         |     6 |     9 ||    15
       Kick              |       |     1 ||     1
       Punch             |       |     1 ||     1
 Cast: Beastly Appendage |       |     1 ||     1
  Use: Potion            |       |     2 ||     2
 Stab: Sleeping          |     5 |     1 ||     6
  Eat: Chunk             |       |     2 ||     2
Armor: Skin              |     5 |     9 ||    14
Dodge: Dodged            |    49 |    38 ||    87
